 Dungeon Crawl Stone Soup version 0.18-a0-1266-g3be6530 (webtiles) character file.

333 RedPan the Magician (level 6, -1/32 HPs)
             Began as a Deep Elf Fire Elementalist on Feb 6, 2016.
             Slain by an orc
             ... wielding a +0 club
              (3 damage)
             ... on level 4 of the Dungeon.
             The game lasted 00:10:50 (4158 turns).

RedPan the Magician (Deep Elf Fire Elementalist)    Turns: 4158, Time: 00:10:51

Health: -1/32      AC:  3    Str:  5    XL:     6   Next: 27%
Magic:  12/17      EV: 13    Int: 22    God:
Gold:   117        SH:  0    Dex: 15    Spells: 2 memorised, 12 levels left

rFire  . . .     SeeInvis .     p - +5 dagger (venom)
rCold  . . .     Gourm    .     a - +1 robe
rNeg   . . .     Faith    .     (no shield)
rPois  .         Spirit   .     (no helmet)
rElec  .         Dismiss  .     (no cloak)
rCorr  .         Reflect  .     (no gloves)
SustAt .         Harm     .     (no boots)
MR     +....                    (no amulet)
Stlth  ++........               (no ring)
                                f - ring of protection from magic

@: somewhat resistant to hostile enchantments, unstealthy
A: no striking features
a: no special abilities


You were on level 4 of the Dungeon.
You were hungry.

You visited 1 branch of the dungeon, and saw 4 of its levels.

You collected 117 gold pieces.

Inventory:

Hand Weapons
 l - a +1 short sword of freezing
 p - a +5 dagger of venom (weapon)
Armour
 a - a +1 robe (worn)
 e - a steam dragon hide
Rods
 r - a +2 rod of shadows (2/12)
   (You found it on level 3 of the Dungeon)
Jewellery
 f - a ring of protection from magic (left hand)
 n - an uncursed ring of fire
Scrolls
 d - 4 scrolls of identify
 j - 6 scrolls of remove curse
 k - a scroll of teleportation
Potions
 h - a potion of might
 m - a potion of flight
 o - a potion of magic
Books
 b - a book of Flames

   Spells                             Type                      Level
   a - Flame Tongue                   Conjuration/Fire             1
   b - Throw Flame                    Conjuration/Fire             2
   c - Conjure Flame                  Conjuration/Fire             3
   d - Inner Flame                    Hexes/Fire                   3
   e - Sticky Flame                   Conjuration/Fire             4
   f - Fireball                       Conjuration/Fire             5
Comestibles
 c - 2 bread rations
 g - a meat ration
 i - 2 slices of pizza


   Skills:
 - Level 2.4 Dodging
 - Level 2.4 Stealth
 * Level 6.4 Spellcasting
 + Level 3.7 Conjurations
 + Level 4.8 Fire Magic


You had 12 spell levels left.
You knew the following spells:

 Your Spells              Type           Power        Failure   Level  Hunger
a - Flame Tongue          Conj/Fire      ####.        1%          1    None
b - Sticky Flame          Conj/Fire      ####....     17%         4    ###....


Dungeon Overview and Level Annotations

Branches:
Dungeon (4/15)
 Temple: D:4-7

Altars:
Kikubaaqudgha


Message History

The orc misses you. The orc closely misses you.
Casting: Flame Tongue
Confirm with . or Enter, or press ? or * to list all spells.
Aiming: Flame Tongue
Press: ? - help, Shift-Dir - straight line, f/p - iguana
Aim: an iguana (almost dead, poisoned)
The flame tongue hits the iguana.
You kill the iguana!
The orc hits you with a club.
* * * LOW HITPOINT WARNING * * *
The orc barely misses you.
Casting: Flame Tongue
Confirm with . or Enter, or press ? or * to list all spells.
Aiming: Flame Tongue
Press: ? - help, Shift-Dir - straight line, f - orc
Aim: an orc, wielding a club The flame tongue hits the orc.
The orc is almost dead.
The orc hits you with a club.
You die...

....# ......#
....... .......
.......#####
...........#
........=.<######
.....5..o.........
......).o@.##....)
......=##.....####
....... #...###
....... ..#.!.
....... .....#.#
..>....##..#.....
......# ##.#.....
.....# .#....


You could see 2 orcs and a friendly crimson imp.

Vanquished Creatures
  2 vampire bats (D:2)
  Jessica (D:2)
  An iguana (D:4)
  3 adders
  An ooze (D:2)
  4 worms
  A giant gecko (D:2)
  5 orcs
  4 bat skeletons (D:2)
  2 bat zombies (D:2)
  6 giant cockroaches
  6 goblins
  4 hobgoblins
  4 jackals (D:3)
  A quokka (D:3)
  18 bats
  2 giant newts
  9 kobolds
  11 rats
85 creatures vanquished.

Vanquished Creatures (collateral kills)
  An ogre (D:3)
  2 orcs (D:3)
  A bat (D:3)
  A hobgoblin (D:3)
  2 kobolds (D:3)
7 creatures vanquished.

Grand Total: 92 creatures vanquished

Notes
Turn   | Place    | Note
--------------------------------------------------------------
     0 | D:1      | RedPan the Deep Elf Fire Elementalist began the quest for the Orb.
     0 | D:1      | Reached XP level 1. HP: 10/10 MP: 6/6
   285 | D:1      | Reached XP level 2. HP: 7/15 MP: 6/8
  1223 | D:2      | Reached XP level 3. HP: 5/19 MP: 3/10
  1512 | D:2      | Reached skill level 4 in Spellcasting
  1993 | D:2      | Noticed Jessica
  1997 | D:2      | Killed Jessica
  1997 | D:2      | Reached XP level 4. HP: 22/24 MP: 9/12
  2458 | D:2      | Found an ancient bone altar of Kikubaaqudgha.
  2477 | D:2      | Reached skill level 5 in Spellcasting
  2478 | D:2      | Reached XP level 5. HP: 2/28 MP: 6/15
  2810 | D:2      | Learned a level 4 spell: Sticky Flame
  3009 | D:3      | Identified a +0 rod of shadows (11/11) (You found it on level 3 of the Dungeon)
  3037 | D:3      | Noticed an ogre
  3046 | D:3      | Killed an ogre
  3046 | D:3      | Reached skill level 6 in Spellcasting
  3421 | D:3      | Reached XP level 6. HP: 30/32 MP: 17/17
  4158 | D:4      | Slain by an orc

Vault maps used:
D:1:      dpeg_arrival_stonehenge_12_columns
D:2:      kennysheep_vampire_church, uniq_jessica
D:3:      first_bread, roderic_batcave
D:4:      bloody_trog, minitemple, gup_ossuary_entry_pyramid, uniq_menkaure

Action                   |  1- 3 |  4- 6 || total
-------------------------+-------+-------++-------
Melee: Short sword       |    92 |       ||    92
       Unarmed           |     1 |       ||     1
       Dagger            |       |    78 ||    78
 Cast: Flame Tongue      |    32 |    30 ||    62
       Sticky Flame      |       |     1 ||     1
Evoke: Rod               |       |     6 ||     6
  Use: Scroll            |       |    11 ||    11
 Stab: Sleeping          |     5 |     8 ||    13
  Eat: Chunk             |     3 |     9 ||    12
